 Dungeon Crawl Stone Soup version 0.23.1-37-gaa34b87 (webtiles) character file.

Game seed: 82296051678015289

9326 TheWolves the Arsonist (level 11, -1/91 HPs)
             Began as a Yellow Draconian Fire Elementalist on Mar 23, 2019.
             Was a Priest of Vehumet.
             Slain by a porcupine (14 damage)
             ... on level 1 of the Lair of Beasts.
             The game lasted 01:19:14 (10354 turns).

TheWolves the Arsonist (DrFE)                      Turns: 10354, Time: 01:19:15

Health: -1/91      AC: 10    Str: 11    XL:     11   Next: 21%
Magic:  23/27      EV: 15    Int: 18    God:    Vehumet [***...]
Gold:   705        SH:  0    Dex: 15    Spells: 4/19 levels left

rFire    + + .     SeeInvis .   y - +7 mace "Laadi" {freeze, rF+ MP+9}
rCold    x . .     Gourm    .   (no shield)
rNeg     . . .     Faith    .   (armour unavailable)
rPois    .         Spirit   .   (helmet restricted)
rElec    .         Reflect  .   u - +1 cloak
rCorr    +         Harm     .   (no gloves)
MR       .....                  D - +0 pair of boots
Stlth    ++........             E - amulet of rage
HPRegen  0.25/turn              H - ring of fire
MPRegen  0.20/turn              n - +3 ring of dexterity (curse)

@: about to teleport, flying
A: spit acid, unfitting armour, antennae 1, big wings, cold-blooded, acid
resistance, AC +7
a: Breathe Acid, Stop Flying, Renounce Religion, Evoke Berserk Rage


You were on level 1 of the Lair of Beasts.
You worshipped Vehumet.
Vehumet was most pleased with you.
You were not hungry.

You visited 3 branches of the dungeon, and saw 11 of its levels.
You also visited: Ossuary.

You collected 705 gold pieces.

Inventory:

Hand Weapons
 o - a +0 blowgun
 p - a +1 dagger of speed
 y - the +7 mace "Laadi" (weapon) {freeze, rF+ MP+9}
   (You found it on level 7 of the Dungeon)

   It has been specially enchanted to freeze those struck by it, causing extra
   injury to most foes and up to half again as much damage against particularly
   susceptible opponents.
   It can also slow down cold-blooded creatures.
   It protects you from fire.
   It affects your magic capacity (+9).
 B - a +0 mace of protection
Missiles
 a - 4 tomahawks (quivered)
Armour
 u - a +1 cloak (worn)
 D - a +0 pair of boots (worn)
Jewellery
 i - an uncursed amulet of faith
 l - an uncursed ring of protection from cold
 m - an uncursed amulet of regeneration
 n - a cursed +3 ring of dexterity (right hand)
 E - an amulet of rage (around neck)
 H - a ring of fire (left hand)
Wands
 e - a wand of iceblast (7)
 h - a wand of polymorph (8)
 G - a wand of acid (5)
Scrolls
 d - 2 scrolls of enchant armour
 f - 6 scrolls of remove curse
 g - 3 scrolls of identify
 j - 4 scrolls of teleportation
 q - 3 scrolls of amnesia
Potions
 c - a potion of agility
 w - a potion of haste
 A - a potion of magic
 C - a potion of curing
Miscellaneous
 s - a phial of floods
Comestibles
 b - 16 rations
 F - 3 chunks of flesh


   Skills:
 + Level 6.7 Fighting
 + Level 4.5 Maces & Flails
   Level 3.5 Polearms
 + Level 5.8 Dodging
 - Level 1.7 Stealth
 + Level 4.7 Spellcasting
 * Level 8.3 Conjurations
 * Level 10.0 Fire Magic
 + Level 3.7 Evocations


You had 4 spell levels left.
You knew the following spells:

 Your Spells              Type           Power        Failure   Level  Hunger
a - Flame Tongue          Conj/Fire      #####        1%          1    None
b - Throw Flame           Conj/Fire      ######       1%          2    #......
c - Conjure Flame         Conj/Fire      ######..     1%          3    ###....
d - Sticky Flame          Conj/Fire      ######..     1%          4    ####...
e - Fireball              Conj/Fire      ######....   2%          5    ######.

Your spell library contained the following spells:

 Spells                   Type           Power        Failure   Level  Hunger
 Searing Ray              Conj           ####..       1%          2    #......
 Inner Flame              Hex/Fire       ####....     1%          3    ###....
 Animate Skeleton         Necr           N/A          14%         1    None
 Pain                     Necr           #...         14%         1    None
 Regeneration             Chrm/Necr      #.........   38%         3    ###....
 Vampiric Draining        Necr           #.........   38%         3    ###....
 Animate Dead             Necr           N/A          80%         4    ####...


Dungeon Overview and Level Annotations

Branches:
Dungeon (8/15)             Temple (1/1) D:6            Lair (2/6) D:8
  Swamp: Lair:2-4    Shoals: Lair:2-4     Snake: Lair:2-4    Spider: Lair:2-4

Altars:
Ashenzari
Cheibriados
Dithmenos
Elyvilon
Gozag
Hepliaklqana
Kikubaaqudgha
Makhleb
Nemelex Xobeh
Okawaru
Qazlal
Ru
Sif Muna
Trog
Uskayaw
Vehumet
Wu Jian
Xom
Yredelemnul
Zin
The Shining One


Innate Abilities, Weirdness & Mutations

You can spit globs of acid.
Your golden yellow scales are hard. (AC +7)
You cannot fit into any form of body armour.
You are cold-blooded and may be slowed by cold attacks.
You are resistant to acid. (rCorr)
You have a pair of small antennae on your head.
Your large and strong wings let you fly indefinitely.


Message History

The porcupine barely misses you. The wolf bites you!
The porcupine barely misses you. The porcupine bites you! The wolf bites you.
The porcupine completely misses you.
Something bites the plant!
The wolf bites you.
There is a stone staircase leading up, spattered with blood here.
The wolf completely misses you. The wolf bites you but does no damage.
The porcupine bites you but does no damage.
The porcupine barely misses you. x2; The wolf misses you.
The wolf bites you.
* * * LOW HITPOINT WARNING * * *
You fly upwards.
There is a stone staircase leading down, spattered with blood here.
As you read the scroll of teleportation, it crumbles to dust.
You feel strangely unstable. The porcupine bites you.
* * * LOW HITPOINT WARNING * * *
The porcupine completely misses you. The wolf bites you!
* * * LOW HITPOINT WARNING * * *
The porcupine bites you.
* * * LOW HITPOINT WARNING * * *
The wolf completely misses you. The porcupine bites you!
You die...

#.....###.#.###+.+###.......
#...#.......##.....##.######
##.#....#####.....#...#
#...#..............#.## ##
#.#...####...#.⌠...#^.# ##.
##.##..# #P.#.#...#...####..
#..##.## ##.#.....#......^.#
##.##.# #hr##........#####.
##.##.## #h@r###+##...### ##
#(.#P..###r###......###.## #
##.##.#..⌠.##...#.#.#..⌠.###
#.##.#.....#.............##
#..#.#⌠.>..'...⌠......>.⌠##
#....#.....#...............
###...#.⌠..#.###.#.##.⌠..#.
##########......##.####..
#.####.+..#.## ###


You could see 2 wolves and 3 porcupines.

Vanquished Creatures
  A two-headed ogre (D:8)
  Joseph (D:8)
  A rime drake (Lair:1)
  A spiny frog (Lair:1)
  A komodo dragon (Lair:1)
  A queen bee (Lair:1)
  A blink frog (Lair:1)
  A hippogriff (D:7)
  8 yaks
  A basilisk (Lair:1)
  Menkaure (D:5)
  A water moccasin (Lair:1)
  5 porcupines
  2 orc warriors
  A necrophage (D:5)
  2 wolves (Lair:1)
  2 centaurs
  3 ogres
  3 crocodiles (D:8)
  A big kobold (D:7)
  6 bullfrogs
  3 scorpions
  23 killer bees
  3 wights (D:8)
  A howler monkey (D:7)
  A bullfrog zombie (D:6)
  3 crimson imps
  4 hounds
  2 jellies (D:6)
  7 orc wizards
  Crazy Yiuf (D:7)
  2 orc priests
  2 bullfrog skeletons
  3 centaur skeletons
  3 iguanas
  Natasha (thrice) (D:3)
  7 worker ants
  4 big kobold zombies (Ossuary)
  3 mummies
  2 hound skeletons
  Robin (D:4)
  A worker ant zombie (D:3)
  A gnoll (D:1)
  10 adders
  3 oozes
  An adder zombie (D:7)
  An adder skeleton (D:8)
  A worm (D:4)
  3 dart slugs
  7 leopard geckos
  28 orcs
  A ball python (D:1)
  3 giant cockroaches
  12 hobgoblins
  12 jackals
  14 kobolds
  4 quokkas
  12 bats
  3 frilled lizards
  3 gnoll zombies (Ossuary)
  25 goblins
  2 goblin zombies (Ossuary)
  4 hobgoblin zombies
  A kobold zombie (D:5)
  A leopard gecko skeleton (D:5)
  A leopard gecko zombie (D:6)
  4 orc zombies (Ossuary)
  A quokka skeleton (D:4)
  5 rats
286 creatures vanquished.

Vanquished Creatures (collateral kills)
  3 blink frogs (Lair:1)
  A hippogriff (Lair:1)
  A yak (Lair:1)
  A crocodile (Lair:1)
6 creatures vanquished.

Vanquished Creatures (others)
  4 bushes (D:8)
  4 fungi (D:8)
  16 plants (D:8)
24 creatures vanquished.

Grand Total: 316 creatures vanquished

Notes
Turn   | Place    | Note
-------+----------+-------------------------------------------
     0 | D:1      | TheWolves the Draconian Fire Elementalist began the quest
                  | for the Orb.
     0 | D:1      | Reached XP level 1. HP: 14/14 MP: 3/3
   343 | D:1      | Reached XP level 2. HP: 20/20 MP: 3/5
   347 | D:1      | Learned a level 2 spell: Throw Flame
   743 | D:1      | Reached XP level 3. HP: 26/26 MP: 3/6
  1226 | D:2      | Learned a level 3 spell: Conjure Flame
  1357 | D:2      | Reached XP level 4. HP: 27/33 MP: 0/8
  1440 | D:2      | Reached skill level 4 in Fire Magic
  2413 | D:3      | Noticed Natasha
  2465 | D:4      | Reached XP level 5. HP: 12/38 MP: 0/9
  2520 | D:4      | HP: 1/38 [iguana (11)]
  2650 | D:4      | Reached skill level 5 in Fire Magic
  2650 | D:4      | Reached XP level 6. HP: 44/45 MP: 7/11
  3063 | D:4      | Noticed Robin
  3087 | D:3      | Killed Natasha
  3280 | D:3      | Noticed Natasha
  3302 | D:3      | Your scales start taking on a golden yellow colour.
  3302 | D:3      | Reached XP level 7. HP: 37/50 MP: 1/12
  3302 | D:3      | Gained mutation: You are resistant to acid. (rCorr) [Yellow
                  | Draconian growth]
  3321 | D:3      | Killed Natasha
  3565 | D:3      | Noticed Natasha
  3571 | D:3      | Killed Natasha
  3613 | D:3      | Learned a level 4 spell: Sticky Flame
  4384 | D:4      | Killed Robin
  4384 | D:4      | Reached skill level 1 in Fighting
  4441 | D:4      | Found a shattered altar of Ashenzari.
  4580 | D:5      | Entered Level 5 of the Dungeon
  4607 | D:5      | Reached skill level 1 in Polearms
  4607 | D:5      | Reached skill level 6 in Fire Magic
  4625 | D:5      | Noticed Menkaure
  4915 | D:5      | Killed Menkaure
  4915 | D:5      | Reached XP level 8. HP: 61/61 MP: 11/14
  4922 | D:5      | Learned a level 5 spell: Fireball
  4991 | D:5      | Found a shadowy altar of Dithmenos.
  4992 | D:5      | Found a white marble altar of Elyvilon.
  5633 | D:6      | Reached skill level 5 in Conjurations
  5751 | D:6      | Found a staircase to the Ecumenical Temple.
  5760 | Temple   | Entered the Ecumenical Temple
  5816 | Temple   | Became a worshipper of Vehumet
  6914 | D:7      | Found a burning altar of Makhleb.
  6937 | D:7      | Found an ornate altar of the Wu Jian Council.
  6958 | D:7      | Reached skill level 7 in Fire Magic
  7028 | D:7      | Found a sand-covered staircase.
  7039 | Ossuary  | Entered an ossuary
  7107 | Ossuary  | Reached * piety under Vehumet
  7107 | Ossuary  | Offered knowledge of Sandblast by Vehumet.
  7301 | D:7      | Reached XP level 9. HP: 63/71 MP: 3/15
  7513 | D:7      | Found a runed translucent door.
  7514 | D:7      | Noticed Crazy Yiuf
  7519 | D:7      | Killed Crazy Yiuf
  7530 | D:7      | Got a jewelled mace
  7531 | D:7      | Identified the +7 mace "Laadi" {freeze, rF+ MP+9} (You
                  | found it on level 7 of the Dungeon)
  7753 | D:7      | Gained mutation: You have a pair of small antennae on your
                  | head. [potion of mutation]
  7753 | D:7      | Gained mutation: Your large and strong wings let you fly
                  | indefinitely. [potion of mutation]
  7934 | D:8      | Noticed a two-headed ogre
  7948 | D:8      | Killed a two-headed ogre
  7948 | D:8      | Reached skill level 8 in Fire Magic
  8073 | D:8      | Reached skill level 5 in Fighting
  8245 | D:8      | Reached skill level 1 in Evocations
  8459 | D:8      | Offered knowledge of Freeze by Vehumet.
  8496 | D:8      | Reached ** piety under Vehumet
  8508 | D:8      | Reached XP level 10. HP: 81/81 MP: 14/16
  8729 | D:8      | Reached skill level 5 in Dodging
  8737 | D:8      | Reached skill level 9 in Fire Magic
  8754 | D:8      | Found a staircase to the Lair.
  8959 | D:8      | Noticed Joseph
  8988 | D:8      | Killed Joseph
  9269 | Lair:1   | Entered Level 1 of the Lair of Beasts
  9453 | Lair:1   | Noticed a spiny frog
  9467 | Lair:1   | Killed a spiny frog
  9655 | Lair:1   | Offered knowledge of Searing Ray by Vehumet.
  9706 | Lair:1   | HP: 3/84 [komodo dragon (11)]
  9724 | Lair:1   | Reached XP level 11. HP: 16/91 MP: 15/17
  9729 | Lair:1   | Reached *** piety under Vehumet
 10189 | Lair:1   | Reached skill level 10 in Fire Magic
 10354 | Lair:1   | Slain by a porcupine

Skill      XL: |  1  2  3  4  5  6  7  8  9 10 11 |
---------------+----------------------------------+-----
Conjurations   | 2 3 4 5 6 8 |  8.3
Fire Magic     | 4 5 6 7 8 9 10 | 10.0
Spellcasting   | 3 4 |  4.7
Dodging        | 2 3 4 5 |  5.8
Fighting       | 2 4 5 6 |  6.7
Polearms       | 1 3 |  3.5
Maces & Flails | 2 4 |  4.5
Evocations     | 1 3 |  3.7
Stealth        | |  1.7

Action                   |  1- 3 |  4- 6 |  7- 9 | 10-12 || total
-------------------------+-------+-------+-------+-------++-------
Melee: Club              |    15 |    86 |       |       ||   101
       Tailslap          |     3 |    10 |    19 |     7 ||    39
       Dagger            |    39 |    47 |    20 |       ||   106
       Mace              |     2 |       |    32 |    91 ||   125
       Trident           |       |       |   211 |       ||   211
Throw: Tomahawk          |       |       |     1 |       ||     1
 Cast: Flame Tongue      |    34 |    65 |    74 |    19 ||   192
       Throw Flame       |    12 |    42 |   120 |    38 ||   212
       Sticky Flame      |       |       |    15 |    27 ||    42
       Conjure Flame     |       |       |     9 |     6 ||    15
       Fireball          |       |       |       |     3 ||     3
 Abil: Breathe Acid      |       |       |    10 |     7 ||    17
       Fly               |       |       |     1 |       ||     1
Evoke: Wand              |       |       |       |     1 ||     1
  Use: Potion            |     1 |     4 |     4 |     1 ||    10
       Scroll            |       |     5 |    10 |     5 ||    20
 Stab: Sleeping          |     1 |       |       |       ||     1
  Eat: Chunk             |     3 |     4 |    19 |     7 ||    33
       Ration            |       |     1 |     2 |     2 ||     5
Armor: Skin              |    25 |    98 |    89 |    34 ||   246
Dodge: Dodged            |    49 |   138 |   198 |   146 ||   531
